 Dungeon Crawl Stone Soup version 0.28.0-62-gf88900778d (webtiles) character file.

Game seed: 4981902747726820401

181 cbfl8 the Poker (level 5, -5/41 HPs)
             Began as a Demonspawn Gladiator on Mar 8, 2023.
             Slain by an ice beast (19 damage)
             ... on level 3 of the Dungeon.
             The game lasted 00:03:46 (3643 turns).

cbfl8 the Poker (Demonspawn Gladiator)              Turns: 3643, Time: 00:03:47

Health: -5/41      AC:  8    Str: 17    XL:     5   Next: 34%
Magic:  5/5        EV:  6    Int:  9    God:
Gold:   99         SH: 10    Dex: 14    Spells: 4/4 levels left

rFire   + . .      SeeInvis .   a - +0 trident
rCold   x . .      Faith    .   e - +0 tower shield
rNeg    . . .      Spirit   .   h - +0 scale mail
rPois   .          Reflect  .   c - +0 helmet
rElec   .          Harm     .   (no cloak)
rCorr   .          Rampage  .   b - +0 pair of gloves
Will    .....                   (no boots)
Stlth   ..........              (no amulet)
HPRegen 0.13/turn               j - ring of fire
MPRegen 0.09/turn               (no ring)

@: no status effects
A: hooves 1, weakness stinger 1
a: no special abilities


You were on level 3 of the Dungeon.
You visited 1 branch of the dungeon, and saw 3 of its levels.

You collected 99 gold pieces.

Inventory:

Hand Weapons
 a - a +0 trident (weapon)
Missiles
 d - 3 throwing nets (quivered)
Armour
 b - a +0 pair of gloves (worn)
 c - a +0 helmet (worn)
 e - a +0 tower shield (worn)
 h - a +0 scale mail (worn)
Jewellery
 j - a ring of fire (left hand)
Potions
 f - a potion of brilliance {unknown}
 g - a potion of haste {unknown}


   Skills:
 * Level 3.1 Fighting
 * Level 4.0 Polearms
 - Level 1.7 Throwing
 + Level 0.7 Armour
 + Level 3.3 Dodging
 * Level 1.7 Evocations


You had 4 spell levels left.
You didn't know any spells.
Your spell library was empty.

Dungeon Overview and Level Annotations

Branches:
Dungeon (3/15)

Altars:

Shops:
D:2 [

Annotations:
D:3 Grinder


Innate Abilities, Weirdness & Mutations

You have large cloven feet.
You have a small tail.


Message History

Found a short sword.
You see here a +0 short sword.
An ice beast comes into view.
You reach to attack!
You hit the ice beast but do no damage. The ice beast hits you.
The ice beast freezes you!
You feel a terrible chill!
You hit the ice beast. You kick the ice beast.
The ice beast is lightly wounded.
The ice beast hits you but does no damage.
You barely miss the ice beast.
The ice beast is lightly wounded.
The ice beast barely misses you.
The ice beast hits you but does no damage.
You barely miss the ice beast.
You kick the ice beast, but do no damage.
The ice beast is lightly wounded.
The ice beast hits you but does no damage.
You closely miss the ice beast.
Your tail-slap misses the ice beast.
The ice beast is lightly wounded.
The ice beast closely misses you. The ice beast barely misses you.
You hit the ice beast. Your kick misses the ice beast.
Your tail-slap misses the ice beast.
The ice beast is moderately wounded.
The ice beast hits you. The ice beast freezes you!!
You feel a terrible chill!
* * * LOW HITPOINT WARNING * * *
You block the ice beast's attack.
You are too injured to fight recklessly!
You aren't carrying any scrolls.
There is a stone staircase leading up here.
The ice beast closely misses you.
There is a stone staircase leading up here.
You block the ice beast's attack.
There is a stone staircase leading down here.
You block the ice beast's attack.
There is a stone staircase leading up here.
Okay, then.
The ice beast hits you but does no damage.
The ice beast hits you but does no damage.
The gnoll shouts!
The ice beast hits you. The ice beast freezes you!!
You feel a terrible chill!
You die...

≈#≈≈#≈##..# #####..........
≈≈≈≈≈≈≈#..# #####......#.......
≈#≈≈≈#≈≈..## #.....######.......
≈≈≈≈≈≈##...# #.....# #.#.....
≈≈≈#≈≈#..#.####.....# #.#.....
##≈≈##≈.............# #..<....
.##≈≈.....#..###..### #.......
............###....#######.......
.#..#######..#..@................
.......**##....Y######.#.#.......
######.,.....#.........#.........
**** ***#.#.........######.......
,,,****,...............###.......
,,,,,,..##.##g...................
*****,...#.##.......######.......
###.............# #.......
##...#...........######.......


You could see an ice beast and a gnoll.

Vanquished Creatures
  Jessica (D:2)
  An iguana (D:2)
  4 gnolls
  3 adders (D:2)
  2 worms
  2 dart slugs
  An orc (D:3)
  7 bats
  4 endoplasms
  5 giant cockroaches
  2 goblins
  4 hobgoblins
  2 kobolds
  3 quokkas
  3 ball pythons
  2 frilled lizards
  3 rats
49 creatures vanquished.

Vanquished Creatures (collateral kills)
  An adder (D:2)
1 creature vanquished.

Vanquished Creatures (others)
  4 demonic plants (D:1)
  2 withered plants (D:1)
6 creatures vanquished.

Grand Total: 56 creatures vanquished

Notes
Turn   | Place    | Note
-------+----------+-------------------------------------------
     0 | D:1      | cbfl8 the Demonspawn Gladiator began the quest for the Orb.
     0 | D:1      | Reached XP level 1. HP: 16/16 MP: 1/1
   170 | D:1      | Reached skill level 3 in Polearms
   252 | D:1      | Discovered your monstrous ancestry.
   252 | D:1      | Gained mutation: You have a small tail. [demonic ancestry]
   252 | D:1      | Reached XP level 2. HP: 22/22 MP: 2/2
   312 | D:1      | Found a faded altar of an unknown god.
   314 | D:1      | You fall into a shaft and drop 1 floor!
   314 | D:2      | Found Nablenemp's Antique Armour Boutique.
   342 | D:2      | HP: 1/23 [adder (2)]
   953 | D:1      | Reached XP level 3. HP: 28/28 MP: 3/3
  1460 | D:2      | Gained mutation: You have large cloven feet. [demonic
                  | ancestry]
  1460 | D:2      | Reached XP level 4. HP: 12/35 MP: 4/4
  1813 | D:2      | Noticed Jessica
  1816 | D:2      | Reached skill level 1 in Evocations
  1819 | D:2      | Killed Jessica
  1990 | D:2      | Reached XP level 5. HP: 21/41 MP: 5/5
  2577 | D:3      | Reached skill level 4 in Polearms
  3104 | D:3      | Noticed Grinder
  3104 | D:3      | Paralysed by Grinder for 7 turns
  3114 | D:3      | Paralysed by Grinder for 2 turns
  3560 | D:3      | Noticed an ice beast
  3643 | D:3      | Slain by an ice beast

Illustrated notes

Levels and vault maps discovered:
D:1:      tarquinn_simple_flora_water_f, layout_basic,
          shapermc_ecumenical_altar_gd, nrook_uturn, kennysheep_nondescript
D:2:      minmay_chambers_of_ones, layout_basic, serial_shops,
          nicolae_shop_overgrown_old_shop, uniq_jessica
D:3:      layout_rooms, dk_noncrumbling_3, hangedman_glass_teeth, minivault_4,
          uniq_grinder

Skill      XL: |  1  2  3  4  5 |
---------------+----------------+-----
Polearms       | 3 4 |  4.0
Dodging        | 3 |  3.3
Fighting       | 3 |  3.1
Evocations     | 1 |  1.7
Throwing       | |  1.7
Armour         | |  0.7

Action                   |  1- 3 |  4- 6 || total
-------------------------+-------+-------++-------
Melee: Trident           |    85 |    98 ||   183
       Tailslap          |     7 |    10 ||    17
       Punch             |     1 |       ||     1
       Kick              |       |    15 ||    15
  Use: Scroll            |     1 |     2 ||     3
Armor: Ring mail         |    20 |       ||    20
       Scale mail        |    21 |    51 ||    72
Dodge: Dodged            |    49 |    54 ||   103
Block: Tower shield      |       |     8 ||     8
